 Dungeon Crawl Stone Soup version 0.29-a0-870-g2c972031a6 (webtiles) character file.

Game seed: 8893067915872343241

11 xian the Trooper (level 2, -1/24 HPs)
             Began as a Demonspawn Fighter on July 18, 2022.
             Slain by a kobold
             ... wielding a +0 dagger
              (2 damage)
             ... on level 1 of the Dungeon.
             The game lasted 00:00:56 (80 turns).

xian the Trooper (Demonspawn Fighter)                 Turns: 80, Time: 00:00:57

Health: -1/24      AC:  6    Str: 16    XL:     2   Next: 13%
Magic:  2/2        EV:  5    Int:  9    God:
Gold:   0          SH:  5    Dex: 14    Spells: 1/1 levels left

rFire   . . .      SeeInvis .     - Unarmed
rCold   . . .      Faith    .   b - +0 buckler
rNeg    . . .      Spirit   .   a - +0 scale mail
rPois   .          Reflect  .   (no helmet)
rElec   .          Harm     .   (no cloak)
rCorr   .          Rampage  .   (no gloves)
Will    .....                   (no boots)
Stlth   +.........              (no amulet)
HPRegen 0.08/turn               (no ring)
MPRegen 0.08/turn               (no ring)

@: constricted
A: thin skeletal structure 1
a: no special abilities


You were on level 1 of the Dungeon.
You visited 1 branch of the dungeon, and saw 1 of its levels.

Inventory:

Hand Weapons
 g - a +0 sling
Missiles
 h - 3 javelins (quivered)
Armour
 a - a +0 scale mail (worn)
 b - a +0 buckler (worn)
Scrolls
 d - a scroll of blinking
 e - a scroll of identify {unknown}
 f - 2 scrolls of teleportation
Potions
 c - a potion of might


   Skills:
 + Level 3.1 Fighting
 + Level 2.9 Armour
 + Level 2.9 Shields
 + Level 1.8 Unarmed Combat


You had one spell level left.
You didn't know any spells.
Your spell library was empty.

Dungeon Overview and Level Annotations

Branches:
Dungeon (1/15)

Altars:


Innate Abilities, Weirdness & Mutations

You have a somewhat thin skeletal structure. (Dex +2, Stealth+)


Message History

Throw: 4 javelins
Press: ? - help, Q - select action Shift-Dir - straight line, f - kobold
Aim: a kobold, wielding a +0 dagger and quivering stones (51% to hit)
You throw a javelin.
The javelin closely misses the hobgoblin.
The javelin pierces through the dart slug.
The dart slug is heavily wounded.
The javelin pierces through the kobold.
You kill the kobold!
The javelin completely misses the kobold.
The hobgoblin hits you. The ball python barely misses you.
The ball python constricts you. The hobgoblin hits you.
The ball python bites you but does no damage.
The ball python constricts you.
You escape the ball python's grasp.
You barely miss the hobgoblin.
The hobgoblin hits you but does no damage.
You hit the hobgoblin.
You kill the hobgoblin!
The ball python barely misses you. The ball python closely misses you.
The dart slug launches a dart at you. The slug dart hits you.
* * * LOW HITPOINT WARNING * * *
The ball python bites you.
* * * LOW HITPOINT WARNING * * *
The ball python grabs you. The ball python constricts you.
The ball python bites you but does no damage.
The ball python constricts you.
* * * LOW HITPOINT WARNING * * *
The kobold hits you with a +0 dagger.
* * * LOW HITPOINT WARNING * * *
You escape the ball python's grasp.
You closely miss the ball python. The ball python closely misses you.
The ball python barely misses you. The kobold misses you.
You block the ball python's attack. The ball python grabs you.
The ball python constricts you.
You barely miss the ball python. The ball python bites you.
* * * LOW HITPOINT WARNING * * *
The ball python constricts you. The kobold hits you with a +0 dagger.
You die...

###..?.†#####
#.....(.....+
###....)#####
#.....#
#.....#
#...).#
#.....#
#.....#
#..wS@#
#...K.#
#######


You could see a dart slug, a ball python and a kobold.

Vanquished Creatures
  A dart slug (D:1)
  A ball python (D:1)
  An endoplasm (D:1)
  A goblin (D:1)
  A hobgoblin (D:1)
  2 kobolds (D:1)
  A frilled lizard (D:1)
8 creatures vanquished.

Notes
Turn   | Place    | Note
-------+----------+-------------------------------------------
     0 | D:1      | xian the Demonspawn Fighter began the quest for the Orb.
     0 | D:1      | Reached XP level 1. HP: 18/18 MP: 1/1
    66 | D:1      | Gained mutation: You have a somewhat thin skeletal
                  | structure. (Dex +2, Stealth+) [demonic ancestry]
    66 | D:1      | Reached XP level 2. HP: 17/24 MP: 2/2
    80 | D:1      | HP: 1/24 [ball python (1)]
    80 | D:1      | Slain by a kobold

Illustrated notes

Levels and vault maps discovered:
D:1:      scummos_arrival_star, layout_basic, chequers_ecumenical_altar_simple,
          minmay_tetromino_s4

Action                   || total
-------------------------++-------
Melee: Unarmed           ||     8
Throw: Javelin           ||     2
  Use: Scroll            ||     2
Armor: Scale mail        ||    17
Dodge: Dodged            ||    18
Block: Buckler           ||     4

Table legend: (Time is in decaauts)
 A = Elapsed time spent in this place.
 B = Non-inter-level travel time spent in this place.
 C = Inter-level travel time spent in this place.
 D = Time resting spent in this place.
 E = Time spent auto-exploring this place.
 F = Levels seen in this place.
 G = Mean time per level.
                   A        B        C        D        E       F      G
               +--------+--------+--------+--------+--------+-----+--------+
         Total |     81 |     81 |      0 |      0 |     25 |   1 |   81.0 |
       Dungeon |     81 |     81 |      0 |      0 |     25 |   1 |   81.0 |
               +--------+--------+--------+--------+--------+-----+--------+

Top non-repeatable levels by time:
     D:1: 81 daAuts
